Map: Frozen Temple

Players

Miszu - Winner!

  • Race: Terran Terran
  • League: Grandmaster

PijanyJimmy

  • Race: Terran Terran
  • League: Gold

VOD

Have the link to the VOD?

Description

Time

  • Played on: May 20, 2016, 11:18 a.m.
  • Length: 5:18
Show
View Real Time Build Order
Export as new Build Order

Miszu Terran - Winner!

Build Orders: 1/1/1, Banshee Rush 

Get SALT Encoding   

  12  0:01  SCV  
  13  0:13  SCV  
  14  0:18  Supply Depot  
  14  0:23  Refinery  
  14  0:29  SCV  
  15  0:41  SCV  
  16  0:46  Barracks  
  16  0:53  SCV  
  17  0:59  Refinery  
  17  1:05  SCV  
  18  1:17  SCV  
  19  1:29  SCV  
  20  1:34  Factory  
  20  1:35  Reaper  
  21  1:42  Orbital Command  
  21  1:50  Supply Depot  
  21  2:08  Reaper  
  22  2:10  SCV  
  23  2:18  Hellion  
  23  2:19  Starport  
  25  2:23  SCV  
  26  2:36  Supply Depot  
  26  2:37  SCV  
  26  2:39  Hellion  
  26  2:40  Reaper  
  30  2:49  SCV  
  31  3:00  Medivac  
  33  3:17  Hellion, Barracks Tech Lab  
  34  3:36  Command Center  
  34  3:37  SCV  
  35  3:43  Cloaking Field  
  35  3:44  Banshee  
  35  3:47  Barracks Reactor  
  38  3:49  Supply Depot  
  38  3:58  Factory Tech Lab  
  38  3:59  SCV  
  39  4:11  Supply Depot  
  33  4:27  SCV  
  33  4:28  Marine  
  33  4:29  Marine, Banshee  
  39  4:38  Siege Tank  
  39  4:39  Barracks  
  39  4:40  Barracks, SCV  
  43  4:47  Engineering Bay  
  43  4:57  SCV  
Show
View Real Time Build Order
Export as new Build Order

PijanyJimmy Terran 

Build Orders:  

Get SALT Encoding   

  12  0:01  SCV  
  13  0:13  SCV  
  14  0:18  Supply Depot  
  14  0:25  SCV  
  15  0:40  SCV  
  15  0:42  Barracks  
  16  0:47  Refinery  
  16  0:52  SCV  
  17  1:04  SCV  
  18  1:14  Barracks  
  18  1:16  SCV  
  19  1:29  Supply Depot  
  20  1:33  Orbital Command  
  20  1:36  Marine  
  20  1:57  Marine  
  21  2:05  Factory  
  21  2:07  Barracks  
  21  2:08  SCV  
  22  2:13  Marine  
  23  2:17  Marine  
  24  2:23  SCV  
  25  2:35  SCV  
  25  2:36  Refinery, Marine  
  27  2:37  Marine  
  28  2:47  SCV  
  28  2:50  Starport  
  29  2:52  Factory Tech Lab  
  29  2:59  SCV  
  29  3:04  Marine  
  31  3:09  Marine x2  
  30  3:20  Supply Depot  
  30  3:21  Marine  
  31  3:42  Marine x2, Medivac, Siege Tank  
  31  3:44  Supply Depot  
  31  3:47  SCV  
  39  3:53  Barracks Tech Lab  
  39  4:05  SCV  
  35  4:18  SCV  
  28  4:32  SCV  
  29  4:38  Supply Depot  
  29  4:44  SCV  
  30  4:47  Marine x3  
  33  4:56  SCV  
Tags
 
Add a new tag
Caveats
  • Supply blocks, unpowered buildings, or Contaminate may cause inaccurate times.
  • Supply counts are checked every 10 seconds.